 Dungeon Crawl Stone Soup version 0.19-a0-645-gfd18b6f (webtiles) character file.

1073 Hubbles the Jinx (level 8, -9/57 HPs)
             Began as a Vampire Enchanter on June 15, 2016.
             Was an Initiate of Dithmenos.
             Killed from afar by an electric eel (10 damage)
             ... with a bolt of electricity
             ... on level 6 of the Dungeon.
             The game lasted 00:14:36 (4470 turns).

Hubbles the Jinx (Vampire Enchanter)                Turns: 4470, Time: 00:14:38

Health: -9/57      AC:  8    Str:  7    XL:     8   Next: 7%
Magic:  8/13       EV: 14    Int: 24    God:    Dithmenos [......]
Gold:   322        SH:  0    Dex: 15    Spells: 4 memorised, 5 levels left

rFire  . . .     SeeInvis +     a - +3 dagger
rCold  + + .     Gourm    .     b - +1 robe
rNeg   + + +     Faith    +     (no shield)
rPois  +         Spirit   .     f - -1 helmet
rElec  .         Dismiss  .     (no cloak)
rCorr  .         Reflect  .     (no gloves)
SustAt .         Harm     .     (no boots)
MR     .....                    h - amulet of faith
Stlth  ++........               (no ring)
                                g - +5 ring of protection

@: brilliant, lethally poisoned (-9 -> -21), very slightly contaminated,
regenerating slowly, not resistant to hostile enchantments, unstealthy
A: fangs 3, see invisible, unbreathing
a: Bat Form, Renounce Religion


You were on level 6 of the Dungeon.
You worshipped Dithmenos.
Dithmenos was noncommittal.
You were near bloodless.

You visited 2 branches of the dungeon, and saw 7 of its levels.

You collected 322 gold pieces.

Inventory:

Hand Weapons
 a - a +3 dagger (weapon)
Armour
 b - a +1 robe (worn)
 f - a -1 helmet (worn)
 s - a +1 leather armour of cold resistance
Jewellery
 g - a +5 ring of protection (left hand)
 h - an amulet of faith (around neck)
 l - a +1 ring of protection
Wands
 m - a wand of iceblast (13/15)
 q - a wand of digging (9/24)
 t - a wand of confusion (21/48)
Scrolls
 j - 2 scrolls of magic mapping
 k - a scroll of torment
Potions
 d - 10 potions of blood
 e - 2 potions of flight
 i - 2 potions of cure mutation
Books
 c - a book of Maledictions

   Spells                             Type                      Level
   a - Corona                         Hexes                        1
   b - Ensorcelled Hibernation        Hexes/Ice                    2
   c - Confuse                        Hexes                        3
   d - Tukima's Dance                 Hexes                        3
   e - Dazzling Spray                 Conjuration/Hexes            3


   Skills:
 * Level 2.7 Fighting
 + Level 4.1 Short Blades
 * Level 4.2 Dodging
 + Level 6.7 Stealth
 + Level 3.6 Spellcasting
 + Level 8.0 Hexes
 - Level 2.3 Ice Magic


You had 5 spell levels left.
You knew the following spells:

 Your Spells              Type           Power        Failure   Level  Hunger
a - Corona                Hex            ######.      1%          1    None
b - Ensorcelled Hibernat  Hex/Ice        #####.       1%          2    #......
c - Confuse               Hex            ######..     1%          3    ###....
d - Tukima's Dance        Hex            ######..     1%          3    ###....


Dungeon Overview and Level Annotations

Branches:
Dungeon (6/15)             Temple (1/1) D:6

Altars:
Ashenzari
Cheibriados
Dithmenos
Elyvilon
Fedhas
Gozag
Kikubaaqudgha
Makhleb
Nemelex Xobeh
Okawaru
Pakellas
Qazlal
Ru
Sif Muna
Trog
Uskayaw
Vehumet
Yredelemnul
Zin
The Shining One


Innate Abilities, Weirdness & Mutations

You heal slowly.
You have razor-sharp teeth.
You have supernaturally acute eyesight. (SInv)
You can survive without breathing.


Message History

Blink to where?
Press: ? - help, Dir - move target cursor, p - water moccasin You can't see that place. [some deep water.]
Okay, then.
Unknown command.
Okay, then.
Okay, then.
Unknown command.
Okay, then.
Unknown command.
Blink to where?
Press: ? - help, Dir - move target cursor, p - water moccasin Splash!
As you read the scroll of blinking, it crumbles to dust.
* * * LOW HITPOINT WARNING * * *
You feel sick.
The electric eel shoots out a bolt of lightning at you!
The bolt of electricity hits the plant.
The bolt of electricity hits you!
You die...

♣♣♣ ≈P≈≈♣≈ ##♣ ≈P♣≈P♣ #..≈
PP≈≈≈≈≈ #.≈P ≈≈≈♣♣≈♣ # #≈♣≈
≈≈≈≈≈≈≈♣## ###
≈P≈♣≈≈P≈≈≈≈P≈####### ..#
##♣♣≈P≈≈≈≈P≈♣≈≈....... >.#
###.≈≈≈@≈≈≈≈PP≈≈≈....... ..#
...♣♣≈≈≈≈≈≈≈≈≈≈P≈.....## ..# .#
#≈P≈≈P≈≈≈≈≈≈≈≈♣÷....## ..## .#
#♣♣P≈≈≈≈≈≈≈≈P≈≈♣....## .."## ..#
#♣♣≈≈≈≈≈≈≈≈≈≈PP♣....## .#..###.#
#;;♣≈≈≈≈≈≈≈≈≈≈♣♣##..#_ ..#.....#
#S♣≈≈≈≈≈≈≈≈≈≈≈≈♣##..## #.....###
#§♣≈≈≈≈≈≈≈≈≈≈≈♣≈....#_
###.#.######♣♣≈≈≈≈≈≈≈≈≈≈≈♣≈....##


You could see a water moccasin and an electric eel.

Vanquished Creatures
  Grinder (D:3)
  An ice beast (D:6)
  A centaur (D:6)
  2 scorpions (D:5)
  An electric eel (D:6)
  2 howler monkeys
  A crimson imp (D:5)
  2 hounds (D:4)
  An orc priest (D:5)
  An iguana (D:5)
  5 worker ants (D:5)
  5 adders
  2 shadow imps (D:5)
  2 oozes (D:4)
  An adder zombie (D:5)
  2 adder skeletons (D:5)
  A worm (D:2)
  2 dart slugs
  3 giant geckos
  5 orcs
  3 ball pythons
  6 bats
  2 giant cockroaches (D:2)
  4 goblins
  8 hobgoblins
  A jackal (D:6)
  A quokka (D:6)
  3 giant newts
  5 kobolds
  A rat (D:1)
  A butterfly (D:6)
76 creatures vanquished.

Vanquished Creatures (collateral kills)
  Edmund (D:6)
1 creature vanquished.

Vanquished Creatures (others)
  2 jackals (D:6)
2 creatures vanquished.

Grand Total: 79 creatures vanquished

Notes
Turn   | Place    | Note
--------------------------------------------------------------
     0 | D:1      | Hubbles the Vampire Enchanter began the quest for the Orb.
     0 | D:1      | Reached XP level 1. HP: 13/13 MP: 3/3
   316 | D:1      | You fall through a shaft!
   328 | D:2      | Reached XP level 2. HP: 17/19 MP: 5/5
   336 | D:2      | Learned a level 2 spell: Ensorcelled Hibernation
   384 | D:2      | Reached skill level 5 in Hexes
   532 | D:2      | Found a basalt altar of Yredelemnul.
   627 | D:2      | Reached XP level 3. HP: 14/24 MP: 3/6
  1095 | D:3      | Noticed Grinder
  1245 | D:3      | Killed Grinder
  1245 | D:3      | Reached skill level 5 in Stealth
  1245 | D:3      | Reached skill level 6 in Hexes
  1245 | D:3      | Reached XP level 4. HP: 30/30 MP: 6/8
  1245 | D:3      | Reached XP level 5. HP: 35/35 MP: 6/9
  1405 | D:3      | Learned a level 3 spell: Confuse
  1409 | D:3      | Learned a level 3 spell: Tukima's Dance
  1690 | D:3      | Found an opulent altar of Gozag.
  1902 | D:4      | Reached XP level 6. HP: 39/41 MP: 2/10
  2235 | D:4      | Reached skill level 7 in Hexes
  2382 | D:5      | Entered Level 5 of the Dungeon
  2494 | D:5      | Reached skill level 1 in Fighting
  2547 | D:5      | Reached XP level 7. HP: 48/48 MP: 3/11
  3377 | D:6      | Found a staircase to the Ecumenical Temple.
  3386 | Temple   | Entered the Ecumenical Temple
  3656 | D:6      | Noticed Edmund
  3673 | D:6      | Killed Edmund
  3810 | D:6      | Reached XP level 8. HP: 48/57 MP: 10/13
  3888 | D:6      | Found an ancient bone altar of Kikubaaqudgha.
  3891 | D:6      | Found a shadowy altar of Dithmenos.
  3892 | D:6      | Found a deep blue altar of Sif Muna.
  3892 | D:6      | Found a radiant altar of Vehumet.
  3894 | D:6      | Found a white marble altar of Elyvilon.
  3897 | D:6      | Became a worshipper of Dithmenos the Shadowed
  3900 | D:6      | Found a glowing silver altar of Zin.
  3901 | D:6      | Found a hide-covered altar of Uskayaw.
  4443 | D:6      | Reached skill level 8 in Hexes
  4469 | D:6      | HP: 2/57 [water moccasin (2)]
  4470 | D:6      | Killed from afar by an electric eel

Vault maps used:
D:1:      sevenhm_arrival_forest_fort_large_3
D:2:      yredelemnul_altar_generic
D:3:      nicolae_gozag_cash_rules_everything_around_me, uniq_grinder
D:4:      first_bread, hangedman_glass_teeth
D:5:      hex_medium
D:6:      minitemple, minmay_temple_entry_butterflies,
          hangedman_decor_peaks_small, minivault_19, serial_bayou_lake_a,
          uniq_edmund
Temple:   circular_temple_12

Skill      XL: |  1  2  3  4  5  6  7  8 |
---------------+-------------------------+-----
Hexes          | 5 6 7 8 |  8.0
Short Blades   | 2 3 4 |  4.1
Stealth        | 5 6 |  6.7
Ice Magic      | 2 |  2.3
Spellcasting   | 3 |  3.6
Fighting       | 1 2 |  2.7
Dodging        | 4 |  4.2

Action                   |  1- 3 |  4- 6 |  7- 9 || total
-------------------------+-------+-------+-------++-------
Melee: Dagger            |    66 |    37 |    90 ||   193
       Bite              |     3 |     1 |     4 ||     8
 Cast: Corona            |     1 |       |     1 ||     2
       Ensorcelled Hiber |    11 |    13 |    15 ||    39
       Tukima's Dance    |       |       |     1 ||     1
 Abil: Evoke Berserk Rag |     1 |       |       ||     1
  Use: Potion            |     3 |       |     8 ||    11
       Scroll            |     8 |     6 |     4 ||    18
 Stab: Sleeping          |    15 |    14 |    13 ||    42
       Distracted        |       |       |     2 ||     2
Armor: Robe              |    18 |    10 |    23 ||    51
Dodge: Dodged            |    40 |    29 |    54 ||   123
